 Dungeon Crawl Stone Soup version 0.22.0-27-ga576289 (webtiles) character file.

424 Lew the Skirmisher (level 6, 0/53 HPs)
             Began as a Gnoll Abyssal Knight on Aug 21, 2018.
             Was a Priest of Lugonu.
             Slain by a phantom (7 damage)
             ... on level 4 of the Dungeon.
             The game lasted 00:09:54 (4142 turns).

Lew the Skirmisher (Gnoll Abyssal Knight)           Turns: 4142, Time: 00:09:54

Health: 0/53       AC: 13    Str: 15    XL:     6   Next: 96%
Magic:  9/9        EV:  7    Int: 15    God:    Lugonu [***...]
Gold:   209        SH:  4    Dex: 15    Spells: 9/9 levels left

rFire    + . .     SeeInvis .   a - +1 falchion
rCold    . . .     Gourm    .   i - +0 buckler
rNeg     . . .     Faith    .   e - +0 chain mail
rPois    .         Spirit   .   (no helmet)
rElec    .         Reflect  .   (no cloak)
rCorr    .         Harm     .   s - +2 pair of gloves
MR       .....                  (no boots)
Stlth    ..........             (no amulet)
HPRegen  0.17/turn              f - ring of protection from fire
MPRegen  0.11/turn              (no ring)

@: no status effects
A: distributed training, fangs 1, strong nose
a: Depart the Abyss, Bend Space, Banish, Renounce Religion


You were on level 4 of the Dungeon.
You worshipped Lugonu.
Lugonu was most pleased with you.
You were not hungry.

You visited 1 branch of the dungeon, and saw 5 of its levels.
You visited the Abyss 1 time.

You collected 209 gold pieces.

Inventory:

Hand Weapons
 a - a +1 falchion (weapon)
 d - a +1 mace of crushing
 j - a +0 war axe
 t - a +2 whip of venom
Armour
 e - a +0 chain mail (worn)
 i - a +0 buckler (worn)
 s - a +2 pair of gloves (worn)
Jewellery
 f - a ring of protection from fire (left hand)
Wands
 p - a wand of paralysis (17)
Scrolls
 b - a scroll of magic mapping {unknown}
 h - a scroll of amnesia
 l - 2 scrolls of noise
 n - a scroll of remove curse
 r - a scroll of identify
Potions
 g - 2 potions of heal wounds
 k - a potion of agility
 m - a potion of curing
 o - a potion of haste
 q - a potion of brilliance
Comestibles
 c - 12 rations


   Skills:
 + Level 6.9 Fighting
 + Level 2.1 Short Blades
 + Level 5.0 Long Blades
 + Level 2.1 Axes
 + Level 2.1 Maces & Flails
 + Level 2.1 Polearms
 + Level 2.1 Staves
 + Level 2.1 Slings
 + Level 2.1 Bows
 + Level 2.1 Crossbows
 + Level 2.1 Throwing
 + Level 5.0 Armour
 + Level 3.3 Dodging
 + Level 2.1 Stealth
 + Level 2.1 Shields
 + Level 2.1 Unarmed Combat
 + Level 2.1 Spellcasting
 + Level 1.7 Conjurations
 + Level 1.7 Hexes
 + Level 1.7 Charms
 + Level 1.7 Summonings
 + Level 1.7 Necromancy
 + Level 1.7 Translocations
 + Level 1.7 Transmutations
 + Level 1.7 Fire Magic
 + Level 1.7 Ice Magic
 + Level 1.7 Air Magic
 + Level 1.7 Earth Magic
 + Level 1.7 Poison Magic
 + Level 5.2 Invocations
 + Level 2.1 Evocations


You had 9 spell levels left.
You didn't know any spells.
Your spell library contained the following spells:

 Spells                   Type           Power        Failure   Level  Hunger
 Animate Skeleton         Necr           N/A          94%         1    #......
 Apportation              Tloc           #.....       94%         1    #......
 Confusing Touch          Hex            #.....       94%         1    #......
 Summon Small Mammal      Summ           #...         94%         1    #......


Dungeon Overview and Level Annotations

Branches:
Dungeon (5/15)
 Temple: D:4-7

Altars:
Cheibriados
Elyvilon
Fedhas
Kikubaaqudgha
Nemelex Xobeh
Okawaru
Ru
The Shining One


Innate Abilities, Weirdness & Mutations

Your experience applies equally to all skills.
You have very sharp teeth.
Your uncanny sense of smell can sniff out nearby items.


Message History

The phantom hits you.
* * * LOW HITPOINT WARNING * * *
You hit the phantom.
The phantom is severely damaged.
The phantom hits you.
* * * LOW HITPOINT WARNING * * *
You slash the phantom! Your bite misses the phantom.
The phantom is almost destroyed.
The phantom blinks!
You miss the phantom. You bite the phantom.
The phantom is almost destroyed.
The phantom hits you.
* * * LOW HITPOINT WARNING * * *
You hit the phantom but do no damage.
The phantom is almost destroyed.
The phantom barely misses you.
You completely miss the phantom. You bite the phantom, but do no damage.
The phantom is almost destroyed.
The phantom hits you!
You die...

..# #....# #..
..####....## #.
#..<##.....## #.
...........## ##
#...........## ##
#............## ##.
#.............#####..
##...............#....
##....@W..............#
##....................#
#..........####.........#
...........## ##.......##
########...# ##.......#
#...#####........#
##...............#
#...............#
##.....###......##


You could see a phantom.

Vanquished Creatures
  A crimson imp (D:4)
  2 howler monkeys (D:4)
  An orc wizard (D:4)
  An iguana (D:4)
  2 worker ants (D:4)
  6 gnolls
  6 adders
  An ooze (D:4)
  An adder skeleton (D:4)
  3 worms
  A leopard gecko (D:1)
  8 orcs
  9 bats
  2 giant cockroaches
  8 goblins
  7 hobgoblins
  6 jackals
  A quokka (D:4)
  3 frilled lizards
  10 kobolds
  10 rats
89 creatures vanquished.

Vanquished Creatures (others)
  A lurking horror (Abyss:1)
1 creature vanquished.

Grand Total: 90 creatures vanquished

Notes
Turn   | Place    | Note
-------+----------+-------------------------------------------
     0 | Abyss:1  | Lew the Gnoll Abyssal Knight began the quest for the Orb.
     0 | Abyss:1  | Reached XP level 1. HP: 23/23 MP: 3/3
    88 | Abyss:1  | Noticed a worldbinder
   197 | Abyss:1  | Noticed a large abomination
   231 | Abyss:1  | Noticed a ynoxinul
   258 | Abyss:1  | Noticed a small abomination
   271 | D:1      | Escaped the Abyss
   475 | D:1      | Reached * piety under Lugonu
   482 | D:1      | Reached XP level 2. HP: 16/29 MP: 5/5
   934 | D:1      | Reached XP level 3. HP: 31/35 MP: 6/6
  1429 | D:2      | Found an iron altar of Okawaru.
  1591 | D:1      | HP: 1/35 [gnoll/flail (11)]
  1907 | D:1      | Reached skill level 1 in Short Blades
  1907 | D:1      | Reached skill level 1 in Axes
  1907 | D:1      | Reached skill level 1 in Maces & Flails
  1907 | D:1      | Reached skill level 1 in Polearms
  1907 | D:1      | Reached skill level 1 in Staves
  1907 | D:1      | Reached skill level 1 in Slings
  1907 | D:1      | Reached skill level 1 in Bows
  1907 | D:1      | Reached skill level 1 in Crossbows
  1907 | D:1      | Reached skill level 1 in Throwing
  1907 | D:1      | Reached skill level 1 in Stealth
  1907 | D:1      | Reached skill level 1 in Shields
  1907 | D:1      | Reached skill level 1 in Unarmed Combat
  1907 | D:1      | Reached skill level 1 in Spellcasting
  1907 | D:1      | Reached skill level 1 in Evocations
  2089 | D:1      | Reached XP level 4. HP: 41/41 MP: 7/7
  2155 | D:2      | Reached ** piety under Lugonu
  2384 | D:2      | Reached skill level 1 in Conjurations
  2384 | D:2      | Reached skill level 1 in Hexes
  2384 | D:2      | Reached skill level 1 in Charms
  2384 | D:2      | Reached skill level 1 in Summonings
  2384 | D:2      | Reached skill level 1 in Necromancy
  2384 | D:2      | Reached skill level 1 in Translocations
  2384 | D:2      | Reached skill level 1 in Transmutations
  2384 | D:2      | Reached skill level 1 in Fire Magic
  2384 | D:2      | Reached skill level 1 in Ice Magic
  2384 | D:2      | Reached skill level 1 in Air Magic
  2384 | D:2      | Reached skill level 1 in Earth Magic
  2384 | D:2      | Reached skill level 1 in Poison Magic
  2535 | D:2      | Found a blossoming altar of Fedhas.
  2535 | D:2      | Found an ancient bone altar of Kikubaaqudgha.
  2874 | D:3      | Reached XP level 5. HP: 47/47 MP: 8/8
  3140 | D:3      | Found a sacrificial altar of Ru.
  3140 | D:3      | Found a snail-covered altar of Cheibriados.
  3145 | D:3      | Found a white marble altar of Elyvilon.
  3147 | D:3      | Found a glowing golden altar of the Shining One.
  3148 | D:3      | Found a sparkling altar of Nemelex Xobeh.
  3527 | D:4      | Reached skill level 5 in Invocations
  3527 | D:4      | Reached XP level 6. HP: 20/53 MP: 9/9
  3582 | D:5      | Entered Level 5 of the Dungeon
  3729 | D:4      | Reached skill level 5 in Long Blades
  3729 | D:4      | Reached skill level 5 in Armour
  3740 | D:4      | Reached *** piety under Lugonu
  4016 | D:4      | Noticed a phantom
  4142 | D:4      | Slain by a phantom

Skill      XL: |  1  2  3  4  5  6 |
---------------+-------------------+-----
Short Blades   | 1 2 |  2.1
Axes           | 1 2 |  2.1
Maces & Flails | 1 2 |  2.1
Polearms       | 1 2 |  2.1
Staves         | 1 2 |  2.1
Slings         | 1 2 |  2.1
Bows           | 1 2 |  2.1
Crossbows      | 1 2 |  2.1
Throwing       | 1 2 |  2.1
Stealth        | 1 2 |  2.1
Shields        | 1 2 |  2.1
Unarmed Combat | 1 2 |  2.1
Spellcasting   | 1 2 |  2.1
Evocations     | 1 2 |  2.1
Conjurations   | 1 |  1.7
Hexes          | 1 |  1.7
Charms         | 1 |  1.7
Summonings     | 1 |  1.7
Necromancy     | 1 |  1.7
Translocations | 1 |  1.7
Transmutations | 1 |  1.7
Fire Magic     | 1 |  1.7
Ice Magic      | 1 |  1.7
Air Magic      | 1 |  1.7
Earth Magic    | 1 |  1.7
Poison Magic   | 1 |  1.7
Dodging        | 3 |  3.3
Invocations    | 5 |  5.2
Long Blades    | 5 |  5.0
Armour         | 5 |  5.0
Fighting       | |  6.9

Action                   |  1- 3 |  4- 6 || total
-------------------------+-------+-------++-------
Melee: Falchion          |   112 |   270 ||   382
       Bite              |    12 |    44 ||    56
Invok: Depart the Abyss  |     1 |       ||     1
  Use: Scroll            |     3 |     3 ||     6
       Potion            |     4 |     2 ||     6
  Eat: Chunk             |     2 |     2 ||     4
       Ration            |     1 |     1 ||     2
Armor: Chain mail        |    45 |   191 ||   236
       Leather armour    |     2 |       ||     2
Dodge: Dodged            |    42 |   115 ||   157
Block: Buckler           |     4 |    65 ||    69
       Rpst.: Falchion   |    15 |    35 ||    50
